Map: World of Sleepers LE

Players

MeepMeep

  • Race: Protoss Protoss
  • League: Diamond
  • Spawn Location: 1:00

pHARM - Winner!

  • Race: Zerg Zerg
  • League: Platinum
  • Spawn Location: 7:00

VOD

Have the link to the VOD?

Description

Time

  • Played on: Sept. 1, 2019, 5:46 p.m.
  • Length: 18:27
Show
View Real Time Build Order
Export as new Build Order

MeepMeep Protoss 

Build Orders: 1 Gate Expand 

Get SALT Encoding   

  12  0:01  Probe  
  13  0:13  Probe  
  14  0:19  Pylon  
  14  0:25  Probe  
  15  0:37  Probe  
  15  0:41  Gateway  
  16  0:46  Assimilator  
  16  0:49  Probe  
  17  1:17  Nexus  
  17  1:29  Cybernetics Core  
  17  1:31  Probe  
  17  1:39  Probe  
  19  1:48  Probe  
  19  1:51  Pylon  
  20  2:00  Gateway  
  20  2:02  Stalker  
  20  2:03  Probe  
  21  2:14  Warp Gate  
  23  2:19  Probe  
  24  2:24  Assimilator  
  24  2:33  Shield Battery  
  24  2:35  Stalker  
  24  2:42  Shield Battery  
  26  2:56  Probe  
  26  2:57  Stalker  
  28  2:59  Probe  
  28  3:04  Probe  
  30  3:11  Probe  
  32  3:15  Robotics Facility  
  32  3:19  Pylon  
  32  3:27  Probe  
  32  3:28  Probe  
  34  3:35  Probe  
  34  3:40  Probe  
  36  3:50  Probe  
  36  3:53  Probe  
  36  3:54  Gateway  
  38  4:01  Probe  
  39  4:03  Sentry  
  39  4:04  Sentry  
  39  4:05  Probe  
  39  4:09  Probe  
  44  4:11  Observer  
  46  4:17  Probe x2  
  46  4:21  Pylon, Assimilator  
  46  4:23  Assimilator  
  48  4:28  Pylon, Probe  
  48  4:29  Probe  
  50  4:31  Stalker x2  
  54  4:41  Probe  
  54  4:43  Immortal  
  59  4:47  Probe  
  60  4:53  Probe  
  60  4:55  Stalker  
  60  4:56  Sentry  
  66  5:00  Probe  
  66  5:08  Probe  
  66  5:12  Probe  
  68  5:15  Gateway  
  68  5:17  Gateway  
  68  5:19  Forge  
  68  5:20  Probe  
  69  5:35  Probe  
  70  5:42  Pylon  
  70  5:46  Protoss Ground Weapons Level 1  
  70  6:00  Immortal, Probe x2  
  70  6:04  Nexus  
  76  6:06  Pylon  
  76  6:07  Pylon  
  76  6:12  Stalker  
  76  6:17  Pylon  
  78  6:19  Pylon  
  78  6:24  Pylon, Probe x2  
  80  6:34  Photon Cannon, Pylon  
  80  6:38  Shield Battery x2, Probe x2  
  82  6:40  Shield Battery, Sentry  
  82  6:41  Sentry  
  86  6:50  Twilight Council  
  86  6:52  Robotics Bay  
  86  6:55  Probe x2  
  88  7:02  Sentry x2  
  88  7:03  Sentry  
  88  7:07  Probe  
  95  7:09  Probe  
  95  7:11  Assimilator  
  96  7:16  Charge  
  96  7:17  Assimilator  
  96  7:19  Probe  
  96  7:21  Photon Cannon, Probe  
  98  7:23  Extended Thermal Lance  
  98  7:27  Forge  
  98  7:28  Gateway  
  98  7:30  Gateway  
  98  7:31  Gateway  
  98  7:35  Protoss Ground Weapons Level 2  
  98  7:44  Colossus  
  98  7:47  Sentry  
  98  7:48  Sentry  
  98  7:49  Protoss Ground Armor Level 1, Sentry  
  110  7:56  Dark Shrine, Probe x3  
  112  8:04  Probe  
  113  8:08  Probe x2  
  116  8:21  Robotics Facility  
  116  8:37  Pylon, Nexus  
  116  8:40  Colossus, Unknown  
  116  8:41  Pylon  
  122  9:00  Gateway x2  
  122  9:04  Gateway  
  122  9:07  Gateway  
  122  9:13  Dark Templar x5  
  122  9:25  Warp Prism  
  120  9:37  Colossus  
  122  9:40  Probe x2  
  130  9:54  Zealot x4  
  130  9:55  Zealot x4  
  146  10:00  Gateway  
  146  10:01  Gateway  
  146  10:06  Gateway  
  146  10:07  Gateway  
  146  10:09  Templar Archives  
  146  10:12  Dark Templar x2  
  150  10:14  Dark Templar  
  150  10:17  Dark Templar  
  154  10:22  Protoss Ground Weapons Level 3  
  154  10:30  Colossus x2  
  154  10:34  Templar Archives  
  166  10:42  Blink  
  166  10:58  Probe x3  
  166  10:59  Probe  
  170  11:10  Probe x2  
  170  11:13  Zealot x2  
  170  11:14  Zealot x2  
  172  11:22  Protoss Ground Armor Level 2  
  166  11:31  Stargate x2  
  162  11:33  Stargate  
  162  11:35  Zealot x5  
  172  11:45  Pylon  
  172  11:47  Pylon  
  172  11:51  Pylon  
  171  12:03  Warp Prism x2  
  171  12:06  Dark Templar x2  
  171  12:07  Dark Templar x2  
  183  12:10  Archon  
  183  12:11  Archon  
  183  12:12  Dark Templar  
  183  12:13  Pylon, Nexus, Dark Templar  
  183  12:15  Assimilator x2  
  187  12:16  Pylon  
  187  12:18  Pylon, Archon  
  187  12:22  Fleet Beacon  
  187  12:27  Void Ray  
  130  12:53  Dark Templar x4  
  130  12:54  Zealot  
  130  12:55  Zealot x4  
  85  13:22  Stalker x4  
  85  13:23  Stalker x3  
  77  13:34  Probe x2  
  77  13:35  Probe  
  80  13:46  Probe  
  93  13:56  Void Ray x2  
  93  13:57  Void Ray  
  93  13:59  Dark Templar  
  93  14:00  High Templar  
  97  14:06  High Templar  
  99  14:10  Probe x2  
  99  14:11  Probe x2  
  103  14:22  Probe  
  103  14:23  Probe  
  101  14:36  Dark Templar x4  
  89  14:41  Void Ray  
  89  14:45  Archon x2  
  75  14:52  Void Ray  
Show
View Real Time Build Order
Export as new Build Order

pHARM Zerg - Winner!

Build Orders: Hatch First, Roach Hydra 

Get SALT Encoding   

  12  0:01  Drone  
  13  0:14  Overlord  
  13  0:18  Drone  
  14  0:32  Drone x2  
  16  0:55  Drone x2, Hatchery  
  17  1:04  Drone  
  18  1:19  Spawning Pool  
  18  1:20  Drone x2  
  19  1:32  Drone  
  20  1:45  Extractor  
  19  1:58  Drone x2  
  21  2:07  Queen x2  
  25  2:09  Drone x2  
  25  2:14  Drone  
  28  2:29  Overlord  
  28  2:30  Overlord  
  28  2:48  Drone x4  
  32  2:55  Drone  
  33  3:04  Drone x2  
  35  3:07  Lair  
  35  3:12  Drone x2  
  37  3:18  Roach Warren  
  37  3:19  Evolution Chamber  
  35  3:22  Evolution Chamber  
  35  3:25  Drone x2  
  35  3:26  Drone x5  
  41  3:40  Extractor, Pneumatized Carapace  
  40  3:42  Extractor  
  39  3:50  Zerg Missile Weapons Level 1  
  39  3:51  Drone x4  
  43  4:11  Overlord x3  
  43  4:12  Overlord  
  43  4:14  Glial Reconstitution  
  43  4:46  Zerg Ground Armor Level 1  
  43  4:57  Drone x4  
  43  4:58  Drone x9  
  56  5:01  Hatchery  
  55  5:33  Spore Crawler  
  54  5:38  Roach x7  
  68  5:46  Zerg Missile Weapons Level 2  
  68  6:07  Overlord x3  
  68  6:12  Queen  
  70  6:18  Overlord  
  70  6:19  Overlord  
  70  6:35  Hydralisk Den  
  70  6:39  Drone, Extractor x2  
  69  6:40  Drone x4  
  69  6:44  Drone x3  
  69  6:46  Drone x3  
  78  7:10  Grooved Spines  
  78  7:11  Hydralisk x6  
  78  7:12  Hydralisk x4  
  98  7:20  Extractor  
  98  7:22  Zerg Ground Armor Level 2, Hatchery  
  96  7:24  Infestation Pit  
  96  7:25  Overseer x2  
  96  7:29  Drone x4  
  99  7:39  Hydralisk  
  99  7:40  Hydralisk x2  
  99  7:43  Overlord  
  99  7:44  Overlord x6  
  105  7:51  Unknown  
  104  7:54  Drone x2  
  106  8:12  Hydralisk x7  
  120  8:34  Hydralisk x4  
  120  8:35  Hydralisk x2  
  132  8:42  Roach x6  
  144  8:56  Drone x9  
  125  9:34  Muscular Augments  
  125  9:38  Hive  
  125  9:39  Spire, Hydralisk x12  
  125  9:40  Hydralisk x5  
  158  9:54  Zerg Melee Weapons Level 1  
  158  10:01  Roach  
  158  10:02  Overlord x8  
  160  10:51  Corruptor, Zerg Flyer Armor Level 1  
  160  10:52  Corruptor x14  
  190  10:58  Drone  
  190  10:59  Drone x2  
  190  11:03  Drone  
  190  11:21  Queen x2  
  190  11:22  Queen  
  194  11:34  Drone  
  195  11:43  Zerg Missile Weapons Level 3  
  195  12:32  Hatchery  
  162  13:01  Roach x15  
  162  13:02  Roach x4  
  160  13:28  Roach  
  160  13:29  Roach x16  
  184  13:43  Greater Spire  
  184  13:54  Hydralisk x8  
  200  14:02  Zerg Melee Weapons Level 2  
  200  14:20  Zerg Ground Armor Level 3  
  180  15:36  Brood Lord x2  
  180  15:37  Brood Lord x8  
  180  16:07  Extractor  
  180  16:20  Extractor  
  180  16:33  Hatchery  
  180  18:22  Unknown  
Tags
 
Add a new tag
Caveats
  • Supply blocks, unpowered buildings, or Contaminate may cause inaccurate times.
  • Supply counts are checked every 10 seconds.